cohdb
Replays
Latest Replays
All Replays
Popular Replays
Top Player Replays
Match Explorer
How It Works
Community
CoH3 Stats
Reddit
Sign in to upload your games and track your stats! →
Sign in with Steam
Match 44021736
Unlisted
Match 44021736
Overview
Messages
Build Orders
End
Royal Engineer Section
Construct Section Command Post
Selects Canadian Shock Battlegroup
Dingo Light Scout Car
Infantry Section
Infantry Section
Infantry Section
Selects Attacking Spirit
Selects Canadian Shock Section
Construct Platoon Command Post
Grenade Package
Humber Armored Car
Humber Armored Car
ML 3-inch Mortar Team
Construct Field Infirmary
Selects Incendiary Munitions
Selects Pyrotechnics
DrewP
AHL
0
0
Comments
sign in to comment!
No comments posted yet!